 Dungeon Crawl Stone Soup version bcrawl-1.19-7-g22fd707d3b (webtiles) character file.

Game seed: 250157394943662697

81 Freyura the Twirler (level 4, 0/34 HPs)
             Began as a Demonspawn Gladiator on Nov 16, 2019.
             Slain by Purgy (4 damage)
             ... in a sewer.
             The game lasted 00:06:11 (2468 turns).

Freyura the Twirler (Demonspawn Gladiator)          Turns: 2468, Time: 00:06:11

Health: 0/34       AC:  5    Str: 14    XL:     4   Next: 19%
Magic:  4/4        EV: 15    Int: 14    God:
Gold:   225        SH:  0    Dex: 18    Spells: 3/3 levels left

rFire    . . .     SeeInvis .   a - +0 quarterstaff
rCold    . . .     Gourm    .   (shield currently unavailable)
rNeg     . . .     Faith    .   b - +0 leather armour
rPois    +         Spirit   .   c - +0 helmet
rElec    .         Reflect  .   (no cloak)
rCorr    .         Harm     .   (no gloves)
MR       .....                  j - +0 pair of boots
Stlth    +.........             (no amulet)
HPRegen  0.11/turn              l - ring of poison resistance (curse)
MPRegen  0.09/turn              p - +2 ring of dexterity

@: brilliant
A: repulsion field 1, demonic guardian 1
a: no special abilities


You were in a sewer.
You were not hungry.

You visited 1 branch of the dungeon, and saw 3 of its levels.
You also visited: Sewer.

You collected 225 gold pieces.

Inventory:

Hand Weapons
 a - a +0 quarterstaff (weapon)
Missiles
 d - 3 throwing nets (quivered) {!f}
Armour
 b - a +0 leather armour (worn)
 c - a +0 helmet (worn)
 j - a +0 pair of boots (worn)
Jewellery
 l - a cursed ring of poison resistance (left hand)
 p - a +2 ring of dexterity (right hand)
Scrolls
 h - 2 scrolls of magic mapping {unknown}
 i - 3 scrolls of identify {unknown}
 n - a scroll of remove curse {unknown}
 s - a scroll of teleportation {unknown}
Potions
 e - a potion of heal wounds {unknown}
 g - 2 potions of brilliance
 k - a potion of ambrosia {unknown}
 m - 2 potions of lignification {unknown}
 o - a potion of curing {unknown}
 q - a potion of berserk rage {unknown}
 r - a potion of cancellation {unknown}
Comestibles
 f - 6 rations {!d}


   Skills:
 + Level 2.7 Fighting
 + Level 3.8 Staves
 + Level 1.8 Throwing
 + Level 1.0 Armour
 + Level 3.0 Dodging


You had 3 spell levels left.
You didn't know any spells.
Your spell library was empty.

Dungeon Overview and Level Annotations

Branches:
Dungeon (3/12)

Altars:

Annotations:
Sewer Purgy


Innate Abilities, Weirdness & Mutations

You are surrounded by a mild repulsion field. (EV +2)
A weak demonic guardian rushes to your aid.


Message History

Purgy is severely wounded.
Purgy misses you. Purgy claws you but does no damage. Purgy claws you.
Your shadow imp splashes around in the water.
You hit Purgy.
Purgy is severely wounded.
Purgy closely misses you. Purgy misses you. x2
Your shadow imp closely misses Purgy.
You hit Purgy.
Purgy is severely wounded.
Purgy bites you. Purgy completely misses you. Purgy claws you.
* * * LOW HITPOINT WARNING * * *
Your shadow imp hits Purgy.
You hit Purgy.
Purgy is almost dead.
Purgy bites you.
* * * LOW HITPOINT WARNING * * *
Purgy claws you.
* * * LOW HITPOINT WARNING * * *
Purgy claws you.
You die...

###.≈≈≈≈≈≈≈ #≈≈≈≈≈≈≈#
#..≈≈≈≈≈# ##≈≈≈≈≈≈#
####.≈≈≈≈≈≈# ≈##
##.#†≈≈≈≈≈≈## ≈≈≈.
#≈≈≈≈≈≈≈≈≈≈≈#
≈≈≈≈.########≈≈≈≈≈≈≈≈≈≈##
≈≈≈≈≈T≈#@..≈≈≈≈≈≈≈≈≈≈≈≈#
≈≈≈≈≈≈≈T5≈.≈≈≈≈≈≈≈≈≈≈≈##
≈≈≈≈≈≈≈≈≈≈≈≈≈≈≈≈≈≈≈≈≈##
≈≈≈≈≈≈≈≈≈≈≈≈≈≈≈≈≈≈≈≈##
≈≈≈≈≈≈≈≈≈≈≈≈≈≈≈≈≈≈#≈#
≈≈≈≈≈≈≈≈≈≈≈≈≈≈≈≈≈≈###
≈≈≈≈≈≈≈≈≈≈≈≈≈≈≈≈≈##
≈≈≈##≈≈≈≈≈≈#≈≈#### ###
###≈≈####≈#


You could see Purgy and a friendly shadow imp.

Vanquished Creatures
  A river rat (D:3)
  3 worms
  2 dart slugs (D:1)
  2 leopard geckos
  4 orcs
  2 ball pythons (Sewer)
  A giant cockroach (D:1)
  8 goblins
  4 hobgoblins
  7 kobolds
  4 quokkas
  3 bats
  5 frilled lizards
  6 rats
52 creatures vanquished.

Notes
Turn   | Place    | Note
-------+----------+-------------------------------------------
     0 | D:1      | Freyura the Demonspawn Gladiator began the quest for the
                  | Orb.
     0 | D:1      | Reached XP level 1. HP: 16/16 MP: 1/1
   106 | D:1      | Gained mutation: A weak demonic guardian rushes to your
                  | aid. [demonic ancestry]
   106 | D:1      | Reached XP level 2. HP: 10/22 MP: 2/2
  1029 | D:2      | Gained mutation: You are surrounded by a mild repulsion
                  | field. (EV +2) [demonic ancestry]
  1029 | D:2      | Reached XP level 3. HP: 22/28 MP: 3/3
  2027 | D:3      | Found a faded altar of an unknown god.
  2313 | D:3      | Reached XP level 4. HP: 34/34 MP: 4/4
  2319 | D:3      | Reached skill level 1 in Armour
  2420 | D:3      | Found a glowing drain.
  2424 | Sewer    | Entered a sewer
  2454 | Sewer    | Noticed Purgy
  2468 | Sewer    | Slain by Purgy

Skill      XL: |  1  2  3  4 |
---------------+-------------+-----
Staves         | 3 |  3.8
Dodging        | 3 |  3.0
Armour         | 1 |  1.0
Fighting       | |  2.7
Throwing       | |  1.8

Action                   |  1- 3 |  4- 6 || total
-------------------------+-------+-------++-------
Melee: Quarterstaff      |   146 |    25 ||   171
  Use: Potion            |       |     1 ||     1
 Stab: Sleeping          |     1 |       ||     1
  Eat: Chunk             |     4 |     1 ||     5
Armor: Leather armour    |    38 |     9 ||    47
Dodge: Dodged            |   114 |    28 ||   142
